Map: Romanticide LE

Players

Reynor - Winner!

  • Race: Zerg Zerg

DPGrogue (Rogue)

  • Race: Zerg Zerg

Event: DreamHack SC2 Masters 2021 Summer

VOD

Have the link to the VOD?

Description

Time

  • Played on: July 4, 2021, 10:16 a.m.
  • Length: 4:15

All games in this series

Show
View Real Time Build Order
Export as new Build Order

Reynor Zerg - Winner!

Build Orders: Hatch First 

Get SALT Encoding   

  12  0:00  Drone  
  13  0:12  Overlord  
  13  0:17  Drone  
  14  0:30  Drone x2  
  16  0:48  Hatchery  
  15  0:50  Drone  
  15  0:54  Drone  
  17  0:57  Drone  
  18  1:08  Extractor  
  17  1:12  Spawning Pool  
  17  1:16  Drone  
  17  1:19  Drone  
  18  1:27  Drone  
  19  1:38  Drone  
  20  1:49  Drone  
  21  1:59  Queen, Overlord  
  21  2:00  Queen, Zergling x2  
  26  2:08  Metabolic Boost  
  26  2:10  Drone x2  
  28  2:21  Drone x2  
  30  2:32  Zergling x2  
  30  2:38  Hatchery  
  30  2:39  Drone  
  30  2:42  Drone  
  30  2:43  Drone  
  32  2:52  Baneling Nest  
  32  2:55  Drone  
  32  2:58  Overlord  
  32  3:04  Drone  
  33  3:08  Queen  
  33  3:11  Drone  
  33  3:12  Overlord  
  36  3:16  Zergling x4  
  36  3:17  Zergling x2  
  36  3:19  Drone  
  40  3:21  Drone  
  40  3:23  Drone  
  42  3:28  Zergling x2  
  42  3:34  Evolution Chamber  
  42  3:35  Baneling, Evolution Chamber  
  42  3:36  Baneling x3  
  42  3:39  Baneling, Evolution Chamber  
  39  3:41  Zergling x2  
  39  3:42  Baneling  
  39  3:46  Zergling x4  
  42  3:52  Zergling x4  
  42  3:53  Zergling x4  
Show
View Real Time Build Order
Export as new Build Order

DPGrogue Zerg 

Build Orders: Hatch First 

Get SALT Encoding   

  12  0:00  Drone  
  13  0:12  Overlord  
  13  0:16  Drone  
  14  0:31  Drone x2  
  16  0:48  Hatchery  
  15  0:51  Drone  
  15  0:53  Drone  
  17  0:57  Drone  
  18  1:08  Extractor  
  17  1:13  Spawning Pool  
  17  1:15  Drone  
  17  1:18  Drone  
  18  1:28  Overlord  
  18  2:00  Queen x2  
  18  2:01  Zergling x8  
  26  2:08  Metabolic Boost  
  26  2:13  Zergling x2  
  27  2:17  Zergling x2  
  27  2:22  Zergling x2  
  29  2:23  Zergling x2  
  30  2:38  Zergling x4  
  32  2:44  Overlord  
  32  2:46  Zergling x2  
  35  2:56  Zergling x2  
  36  3:04  Zergling x2  
  35  3:12  Zergling x16  
  42  3:17  Evolution Chamber  
  41  3:21  Roach Warren  
  41  3:23  Zergling x4  
  42  3:31  Zergling x2  
  42  3:32  Zergling x2  
  46  3:41  Overlord  
  46  3:53  Drone x7  
Tags
 
Add a new tag
Caveats
  • Supply blocks, unpowered buildings, or Contaminate may cause inaccurate times.
  • Supply counts are checked every 10 seconds.